 Dungeon Crawl Stone Soup version 0.30-b1-2-g02819fbbbe (webtiles) character file.

Game seed: 759829209446533123

101458 raph the Scorcher (level 15, -12/84 HPs)
             Began as a Deep Elf Fire Elementalist on Jan 15, 2024.
             Was an Initiate of Gozag.
             Killed from afar by a hell hog (25 damage)
             ... with a fireball
             ... on level 14 of the Dungeon on Jan 16, 2024.
             The game lasted 01:16:47 (52019 turns).

raph the Scorcher (Deep Elf Fire Elementalist)     Turns: 52019, Time: 01:16:48

Health: -12/84     AC: 26    Str:  7    XL:     15   Next: 83%
Magic:  18/34      EV: 14    Int: 38    God:    Gozag
Gold:   6223       SH: 10    Dex: 15    Spells: 2/41 levels left

rFire   . . .        Z - +10 hammer "Fosuv" {heavy, *Corrode Int+5}
rCold   . . .        E - +0 buckler
rNeg    . . .        z - +1 acid dragon scales
rPois   +            H - +1 helmet {Int+3}
rElec   .            o - +2 cloak
rCorr   +            D - +1 pair of gloves
SInv    .            J - +1 pair of boots
Will    ++...        Q - amulet of reflection
Stlth   ++++         A - ring of Eseab {Contam rPois Will+ AC+4 Int+4}
HPRegen 0.34/turn    S - +4 ring of protection
MPRegen 0.24/turn

%: corrode self (3%), reflection
@: gold aura
A: no striking features
a: Renounce Religion, Potion Petition, Call Merchant, Bribe Branch


You were on level 14 of the Dungeon.
You worshipped Gozag.
Gozag was greatly pleased with you.
You visited 4 branches of the dungeon, and saw 22 of its levels.
You also visited: Volcano.

You collected 8494 gold pieces.
You spent 1284 gold pieces at shops.
You paid 987 gold pieces to Gozag.

Inventory:

Hand Weapons
 a - a +1 rapier of venom
 b - the +7 long sword "Ofraw" {flame, Str+4}
   (You took it off a centaur on level 12 of the Dungeon)

   Str:       It affects your strength (+4).
 Z - the +10 hammer "Fosuv" (weapon) {heavy, *Corrode Int+5}
   (You found it on level 5 of the Dungeon)

   Int:       It affects your intelligence (+5).
   *Corrode:  It may corrode you when you take damage.
Missiles
 m - 7 curare-tipped darts
Armour
 o - a +2 cloak (worn)
 z - +1 acid dragon scales (worn)
 D - a +1 pair of gloves (worn)
 E - a +0 buckler (worn)
 H - a +1 helmet of intelligence (worn)
 J - a +1 pair of boots (worn)
Jewellery
 f - a ring of protection from fire
 h - a +6 ring of intelligence
 s - a ring of protection from cold
 u - a ring of protection from fire
 A - the ring of Eseab (left hand) {Contam rPois Will+ AC+4 Int+4}
   (You acquired it on level 8 of the Dungeon)

   [ring of protection]

   AC:        It affects your AC (+4).
   Int:       It affects your intelligence (+4).
   rPois:     It protects you from poison.
   Contam:    It causes magical contamination when unequipped.
   Will:      It increases your willpower.
 K - a ring of see invisible
 Q - an amulet of reflection (around neck)
 R - a ring of flight
 S - a +4 ring of protection (right hand)
Wands
 c - a wand of charming (10)
 y - a wand of roots (15)
 F - a wand of flame (18)
 M - a wand of mindburst (2)
 Y - a wand of acid (2)
Scrolls
 g - a scroll of amnesia
 p - 9 scrolls of teleportation
 w - 3 scrolls of fear
 x - 3 scrolls of blinking
 B - 3 scrolls of butterflies
 C - 5 scrolls of fog
 G - 3 scrolls of immolation
 L - 7 scrolls of magic mapping
 P - a scroll of silence
 V - 4 scrolls of poison
Potions
 d - 2 potions of resistance
 e - 3 potions of heal wounds
 i - 3 potions of might
 j - a potion of magic
 k - 10 potions of curing
 l - 4 potions of flight
 n - 4 potions of invisibility
 v - 2 potions of cancellation
 N - 2 potions of brilliance
 O - 3 potions of mutation
 U - a potion of berserk rage
 W - a potion of haste
 X - 2 potions of ambrosia


   Skills:
 + Level 6.5 Fighting
 + Level 5.5 Armour
 + Level 9.3 Dodging
 + Level 10.3 Stealth
 - Level 4.6 Shields
 + Level 13.6 Spellcasting
 - Level 11.8 Conjurations
 - Level 5.3 Hexes
 * Level 15.4 Fire Magic
 * Level 11.9 Air Magic
 + Level 6.4 Evocations


You had 2 spell levels left.
You knew the following spells:

 Your Spells              Type           Power      Damage    Failure   Level
a - Foxfire               Conj/Fire      100%       2x1d9     0%          1
b - Scorch                Fire           100%       2d9       0%          2
c - Inner Flame           Hex/Fire       81%        N/A       1%          3
d - Plasma Beam           Fire/Air       46%        2x1d66    1%          6
e - Blink                 Tloc           50%        N/A       5%          2
f - Flame Wave            Conj/Fire      92%        2d19      1%          4
g - Tukima's Dance        Hex            61%        N/A       1%          3
h - Arcjolt               Conj/Air       43%        1d53      1%          5
i - Poisonous Vapours     Pois/Air       100%       N/A       1%          2
j - Starburst             Conj/Fire      46%        6d13      2%          6
k - Freezing Cloud        Conj/Ice/Air   36%        6-21      4%          5

Your spell library contained the following spells:

 Spells                   Type           Power      Damage    Failure   Level
 Shock                    Conj/Air       100%       1d9       1%          1
 Cigotuvi's Dreadful Rot  Necr/Pois/Air  100%       N/A       1%          2
 Apportation              Tloc           50%        N/A       3%          1
 Freeze                   Ice            100%       1d10      3%          1
 Necrotise                Necr           100%       1d9       3%          1
 Sting                    Tmut/Pois      100%       1d8       3%          1
 Summon Small Mammal      Summ           100%       N/A       3%          1
 Lesser Beckoning         Tloc           50%        N/A       5%          2
 Hailstorm                Conj/Ice       63%        3d13      1%          3
 Ignite Poison            Fire/Tmut/Pois 60%        N/A       1%          3
 Vhi's Electric Charge    Tloc/Air       100%       N/A       1%          3
 Volatile Blastmotes      Fire/Tloc      100%       2d18      1%          3
 Sticky Flame             Conj/Fire      92%        2d10      1%          4
 Portal Projectile        Hex/Tloc       92%        N/A       3%          3
 Conjure Ball Lightning   Conj/Air       43%        3x3d15    4%          6
 Frozen Ramparts          Ice            50%        1d8       11%         3
 Gell's Gravitas          Tloc           25%        N/A       11%         3
 Teleport Other           Tloc           25%        N/A       11%         3
 Summon Mana Viper        Hex/Summ       46%        N/A       34%         5
 Dispel Undead            Necr           25%        3d12      36%         4
 Manifold Assault         Tloc           25%        N/A       36%         4
 Olgreb's Toxic Radiance  Pois           25%        N/A       36%         4
 Blade Hands              Tmut           12%        N/A       71%         5
 Summon Forest            Summ/Tloc      12%        N/A       71%         5
 Storm Form               Tmut/Air       31%        N/A       95%         7
 Death Channel            Necr           12%        N/A       99%         6
 Eringya's Noxious Bog    Tmut/Pois      12%        N/A       99%         6
 Summon Cactus Giant      Summ           12%        N/A       99%         6
 Dragon Form              Tmut           12%        N/A       100%        7
 Malign Gateway           Summ/Tloc      12%        N/A       100%        7
 Summon Hydra             Summ           12%        N/A       100%        7
 Discord                  Hex            30%        N/A       100%        8
 Disjunction              Tloc           12%        N/A       100%        8
 Summon Horrible Things   Summ           12%        N/A       100%        8


Dungeon Overview and Level Annotations

Branches:
Dungeon (14/15) Temple (1/1) D:5 Lair (5/5) D:10 Swamp (0/4) Lair:2 Snake (0/4) Lair:2 Slime (0/5) Lair:5 Orc (2/2) D:9 Elf (0/3) Orc:2 Vaults (0/5) D:13 D:14 Volcano (visited)

Altars:
Ashenzari
Dithmenos
Fedhas
Gozag
Hepliaklqana
Makhleb
Nemelex Xobeh
Okawaru
Qazlal
Ru
Uskayaw
Wu Jian
Xom

Shops:
D:8 ?   Orc:2 !([=

Portals:
Trove: D:12 (give 12 potions of heal wounds)

Annotations:
D:5 3 runed translucent doors, PanWiadro's ghost, novice DjIE
Lair:4 3 runed translucent doors, NimIero's ghost, journeyman KoEE


Message History

The fiery plasma misses the hell hound.
Casting: Plasma Beam (dangerous; 1% risk of failure)
Confirm with . or Enter, or press ? or * to list all spells.
Aiming: Freezing Cloud (dangerous; 4% risk of failure)
Press: ? - help, Dir - move target, f - hell hog
Aim: a hell hog That beam is likely to hit you.
Continue anyway?
The hell hound is engulfed in freezing vapours.
The hell hound breathes flames at you.
You hear a sizzling sound!
The hell hog is engulfed in freezing vapours.
The hellephant blinks!
The hell hound is engulfed in freezing vapours.
The hell hog is engulfed in freezing vapours.
The hell hog breathes fire at you.
The fireball explodes!
The fireball engulfs you! The hellephant breathes flames at you.
You hear a sizzling sound!
You hear a bark!
Casting: Freezing Cloud (dangerous; 4% risk of failure)
Confirm with . or Enter, or press ? or * to list all spells.
Casting: Plasma Beam (dangerous; 1% risk of failure)
Press: ? - help, Dir - look around, f - activate The bolt of lightning misses the hell hound.
The bolt of lightning misses the hell hog.
The bolt of lightning misses the hell hound.
The fiery plasma misses the hell hound.
You hear a sizzling sound!
The hell hog breathes fire at you.
The fireball explodes!
The fireball engulfs the hell hound.
The hell hound completely resists.
The fireball engulfs you!!
* * * LOW HITPOINT WARNING * * *
The fireball engulfs the hell hog.
The hell hog completely resists.
You hear a sizzling sound!
The hell hound breathes flames at you. The blast of flame hits you.
* * * LOW HITPOINT WARNING * * *
The hell hog breathes fire at you.
The fireball explodes!
The fireball engulfs you!!
You die...
Your body crumbles into a pile of gold.

##.#...$.................
##......$.................
#...........#.............
#......$....##........[...
#....$...# ....##........
##$###$$.###..# #........
#<$$.$$.$.#...# ##.......
#.....>...##).####.......
##......@h...##..........
#.......$h.§§.#..........
##..........§..).........
####..$.#§.Y............
##...#..$'''''''''...
##.....'h++++++ '..[
#......'+h+ '...
#......'++hh '...
........'+ h..h '..#


You could see a hellephant (catching breath), 2 hell hogs and 3 hell hounds.

Vanquished Creatures
  Rupert (D:14)
  An orc warlord (Orc:2)
  Snorg (D:10)
  A fire dragon (Lair:5)
  A rakshasa (D:14)
  4 hydras
  2 catoblepae
  3 centaur warriors
  A dancing weapon (Volcano)
  A death yak (Lair:4)
  A death knight (D:13)
  A two-headed ogre (D:5)
  6 boulder beetles
  A hell hog (D:14)
  5 orc high priests (Orc:2)
  Urug (D:14)
  5 skysharks
  A swamp dragon (Lair:5)
  6 wizards
  Pikel (D:7)
  9 orc knights
  A deep elf pyromancer (D:13)
  An orc sorcerer (Orc:1)
  8 ugly things
  A wolf spider (Lair:5)
  2 manticores
  6 cyclopes
  5 toenail golems (Volcano)
  14 black mambas
  Maurice (Orc:1)
  11 cane toads
  A guardian serpent (Lair:5)
  5 gargoyles
  22 elephants
  2 unseen horrors
  2 torpor snails
  8 komodo dragons
  A kobold demonologist (D:12)
  Maggie (D:7)
  6 rime drakes
  A yaktaur (D:14)
  2 tyrant leeches (Lair:2)
  5 polar bears
  2 hornets (Lair:5)
  9 trolls
  Grinder (D:3)
  14 blink frogs
  2 shadows
  A vampire (D:11)
  4 wraiths
  8 slime creatures
  3 basilisks
  10 wyverns
  3 fire bats (Orc:2)
  3 steam dragons
  70 yaks
  15 humans
  3 wargs (Orc:2)
  9 vampire mosquitoes
  3 redbacks (Lair:5)
  5 acid dragons
  Duvessa (D:7)
  27 water moccasins
  A hell hound (D:14)
  An ice beast (D:6)
  A sky beast (D:7)
  A black bear (D:6)
  39 orc warriors
  7 ogres
  17 wolves
  9 centaurs
  3 lemures (D:7)
  7 kobold brigands
  14 bullfrogs
  A gnoll sergeant (D:9)
  4 scorpions
  6 wights
  Dowan (D:7)
  3 killer bees (D:7)
  6 howler monkeys
  9 electric eels
  2 sleepcaps
  3 jellies
  Crazy Yiuf (D:5)
  29 orc priests
  A gnoll bouda (D:7)
  4 hounds
  Jessica (D:3)
  7 iguanas
  17 orc wizards
  Natasha (thrice) (D:3)
  5 hell rats (Lair:5)
  4 adders
  18 gnolls
  A shadow imp (D:8)
  3 dart slugs
  82 orcs
  7 ball pythons
  10 endoplasms
  6 giant cockroaches
  6 goblins
  12 hobgoblins
  49 kobolds
  4 quokkas
  2 bats
  7 frilled lizards
  4 rats
  2 butterflies (Lair:4)
  A foxfire (Orc:2)
773 creatures vanquished.

Vanquished Creatures (collateral kills)
  3 foxfires (Lair:2)
3 creatures vanquished.

Vanquished Creatures (others)
  2 dancing weapons (D:7)
  A human (D:14)
  3 bushes (Lair:5)
  1220 foxfires
  49 fungi
  241 plants
1516 creatures vanquished.

Grand Total: 2292 creatures vanquished

Notes
Turn   | Place    | Note
-------+----------+-------------------------------------------
     0 | D:1      | raph the Deep Elf Fire Elementalist began the quest for the
                  | Orb.
     0 | D:1      | Reached XP level 1. HP: 10/10 MP: 6/6
   289 | D:1      | Reached XP level 2. HP: 15/15 MP: 4/8
   385 | D:1      | Learned a level 2 spell: Scorch
  1176 | D:2      | Reached XP level 3. HP: 19/19 MP: 5/9
  1180 | D:2      | Learned a level 3 spell: Inner Flame
  1587 | D:2      | Reached skill level 4 in Fire Magic
  1738 | D:2      | Found a faded altar of an unknown god.
  2263 | D:3      | Reached XP level 4. HP: 24/24 MP: 8/11
  2274 | D:3      | Learned a level 3 spell: Volatile Blastmotes
  2470 | D:3      | Noticed Jessica
  2474 | D:3      | Killed Jessica
  2753 | D:3      | Noticed Natasha
  2755 | D:3      | Killed Natasha
  2944 | D:3      | Noticed Natasha
  2956 | D:3      | Killed Natasha
  2957 | D:3      | Reached XP level 5. HP: 28/28 MP: 7/13
  3001 | D:3      | Noticed Natasha
  3005 | D:3      | Killed Natasha
  3335 | D:4      | Found a large runed translucent door.
  3335 | D:4      | Noticed an ogre
  3348 | D:4      | Killed an ogre
  3349 | D:4      | Reached XP level 6. HP: 32/32 MP: 4/14
  3562 | D:4      | Found a large runed translucent door.
  3681 | D:4      | Found a shimmering altar of Xom.
  3684 | D:4      | Found an opulent altar of Gozag.
  3688 | D:4      | Became a worshipper of Gozag Ym Sagoz the Greedy
  3709 | D:4      | Reached skill level 5 in Fire Magic
  4235 | D:4      | Learned a level 2 spell: Blink
  5317 | D:4      | Noticed Grinder
  5336 | D:4      | HP: 1/32 [poisoned by a scorpion]
  5913 | D:4      | Reached XP level 7. HP: 30/36 MP: 10/16
  5965 | D:4      | Learned a level 4 spell: Flame Wave
  6307 | D:4      | Reached skill level 5 in Spellcasting
  6909 | D:5      | Entered Level 5 of the Dungeon
  6967 | D:5      | Reached skill level 6 in Fire Magic
  7054 | D:5      | Found a runed translucent gate.
  7055 | D:5      | Found a runed translucent gate.
  7055 | D:5      | Found a runed translucent gate.
  7055 | D:5      | Noticed PanWiadro's ghost (novice DjIE)
  7117 | D:5      | Found a broken altar of Ashenzari.
  7209 | D:5      | Found a staircase to the Ecumenical Temple.
  7227 | D:5      | Reached skill level 5 in Stealth
  7230 | Temple   | Entered the Ecumenical Temple
  7432 | D:5      | Found a runed translucent door.
  7433 | D:5      | Noticed Crazy Yiuf
  7435 | D:5      | Identified the +10 hammer "Fosuv" {heavy, *Corrode Int+5}
  7495 | D:5      | Killed Crazy Yiuf
  7496 | D:5      | Reached skill level 5 in Conjurations
  7747 | D:5      | Noticed a two-headed ogre
  7755 | D:5      | Killed a two-headed ogre
  7756 | D:5      | Reached skill level 1 in Fighting
  7756 | D:5      | Reached skill level 5 in Dodging
  7756 | D:5      | Reached XP level 8. HP: 44/44 MP: 7/18
  7869 | D:5      | Learned a level 3 spell: Tukima's Dance
  8409 | D:5      | Reached skill level 7 in Fire Magic
  8676 | D:6      | Reached skill level 1 in Hexes
  8848 | D:6      | Reached XP level 9. HP: 48/48 MP: 8/20
  9123 | D:6      | Identified a scroll of acquirement
  9123 | D:6      | Acquired the Verses on Evolved Bombardment
  9809 | D:6      | Found an ornate altar of the Wu Jian Council.
  9989 | D:7      | Reached skill level 8 in Fire Magic
 10133 | D:7      | Noticed Maggie
 10394 | D:7      | Noticed Pikel
 10421 | D:7      | Killed Pikel
 10557 | D:7      | Identified the +4 plate armour of the Cicada {Harm rF- rC-
                  | Str+8}
 11339 | D:7      | Found a stormy altar of Qazlal.
 11384 | D:7      | Noticed Duvessa
 11386 | D:7      | Noticed Dowan
 11407 | D:7      | Killed Duvessa
 11871 | D:7      | Killed Dowan
 11928 | D:7      | Reached XP level 10. HP: 56/56 MP: 14/23
 11983 | D:7      | Learned a level 5 spell: Arcjolt
 12391 | D:7      | Killed Maggie
 12392 | D:7      | Reached skill level 9 in Fire Magic
 12392 | D:7      | Reached skill level 1 in Air Magic
 13222 | D:8      | Found Novin's Magic Scroll Shop.
 13228 | D:8      | Bought a scroll of acquirement for 520 gold pieces
 13228 | D:8      | Bought a scroll of teleportation for 30 gold pieces
 13228 | D:8      | Bought a scroll of teleportation for 30 gold pieces
 13228 | D:8      | Bought a scroll of butterflies for 40 gold pieces
 13228 | D:8      | Acquired the ring of Eseab {Contam rPois Will+ AC+4 Int+4}
 13234 | D:8      | Bought a scroll of fog for 40 gold pieces
 14298 | D:9      | Reached skill level 1 in Armour
 14348 | D:9      | Reached skill level 1 in Shields
 14353 | D:9      | Reached skill level 5 in Hexes
 14922 | D:9      | Found a staircase to the Orcish Mines.
 14933 | D:9      | Found a sparkling altar of Nemelex Xobeh.
 15535 | D:10     | Entered Level 10 of the Dungeon
 15582 | D:10     | Identified the +5 dagger of Meduesei {protect, +Blink}
 15615 | D:10     | Noticed Snorg
 15624 | D:10     | Killed Snorg
 15625 | D:10     | Reached XP level 11. HP: 58/61 MP: 14/25
 15868 | D:10     | Reached skill level 10 in Fire Magic
 16223 | D:10     | Found a staircase to the Lair.
 16466 | D:10     | Found a blossoming altar of Fedhas.
 16469 | D:10     | Found a hide-covered altar of Uskayaw.
 16543 | D:10     | Learned a level 2 spell: Poisonous Vapours
 16825 | Lair:1   | Entered Level 1 of the Lair of Beasts
 17624 | Lair:1   | Identified the +5 scale mail of Truth {Fly rC- rN++}
 18146 | Lair:1   | Reached skill level 1 in Evocations
 18412 | Lair:2   | Reached skill level 5 in Air Magic
 18902 | Lair:2   | Found a staircase to the Snake Pit.
 19046 | Lair:2   | Found a staircase to the Swamp.
 20503 | Lair:1   | Reached skill level 11 in Fire Magic
 20503 | Lair:1   | Reached XP level 12. HP: 67/67 MP: 18/27
 22407 | Lair:3   | Noticed a catoblepas
 22425 | Lair:3   | Killed a catoblepas
 22766 | Lair:3   | Reached skill level 5 in Fighting
 23663 | Lair:4   | Noticed a six-headed hydra
 23967 | Lair:4   | Reached skill level 10 in Spellcasting
 24095 | Lair:4   | Found a runed translucent gate.
 24095 | Lair:4   | Found a runed translucent gate.
 24095 | Lair:4   | Found a runed translucent gate.
 24096 | Lair:4   | Noticed NimIero's ghost (journeyman KoEE)
 24112 | Lair:4   | Killed a six-headed hydra
 24551 | Lair:4   | Learned a level 6 spell: Starburst
 24610 | Lair:4   | Noticed a catoblepas
 24658 | Lair:4   | Killed a catoblepas
 24861 | Lair:4   | Reached skill level 12 in Fire Magic
 24867 | Lair:4   | Reached XP level 13. HP: 72/72 MP: 12/29
 26025 | Lair:4   | Reached skill level 10 in Conjurations
 26373 | Lair:5   | Entered Level 5 of the Lair of Beasts
 27971 | Lair:5   | Reached skill level 13 in Fire Magic
 28155 | Lair:5   | Learned a level 6 spell: Plasma Beam
 29729 | Lair:5   | Reached XP level 14. HP: 78/78 MP: 4/31
 32971 | Lair:5   | Reached skill level 10 in Air Magic
 33368 | Lair:5   | Found a staircase to the Slime Pits.
 34224 | Lair:5   | Reached skill level 14 in Fire Magic
 37856 | D:3      | Killed Grinder
 38527 | Orc:1    | Entered Level 1 of the Orcish Mines
 39074 | Orc:2    | Entered Level 2 of the Orcish Mines
 39523 | Orc:2    | Found a dark tunnel.
 39546 | Volcano  | Entered a volcano
 41730 | Orc:2    | Reached skill level 5 in Evocations
 42158 | Orc:2    | Found a staircase to the Elven Halls.
 42456 | Orc:2    | Reached XP level 15. HP: 82/84 MP: 26/34
 43379 | Orc:2    | Found Daloec's Distillery.
 43382 | Orc:2    | Found Kiomodgh's Armour Emporium.
 43383 | Orc:2    | Found Baziamujynt's Jewellery Shoppe.
 43384 | Orc:2    | Found Zuwkuku's Weapon Shoppe.
 43387 | Orc:2    | Bought 2 potions of resistance for 260 gold pieces
 43387 | Orc:2    | Bought a potion of heal wounds for 65 gold pieces
 43387 | Orc:2    | Bought a potion of ambrosia for 104 gold pieces
 43395 | Orc:2    | Bought a potion of curing for 39 gold pieces
 43395 | Orc:2    | Bought 2 potions of curing for 78 gold pieces
 43395 | Orc:2    | Bought a potion of flight for 39 gold pieces
 43395 | Orc:2    | Bought a potion of curing for 39 gold pieces
 44347 | Orc:1    | Noticed Maurice
 44906 | Orc:1    | Killed Maurice
 44914 | Orc:2    | Reached skill level 5 in Armour
 46702 | D:12     | Identified the +7 long sword "Ofraw" {flame, Str+4}
 46959 | D:12     | Found a sacrificial altar of Ru.
 46961 | D:12     | Found a burning altar of Makhleb.
 46961 | D:12     | Found an ornate altar of the Wu Jian Council.
 46963 | D:12     | Found a shimmering altar of Xom.
 46963 | D:12     | Found a sacrificial altar of Ru.
 46963 | D:12     | Found a shadowy altar of Dithmenos.
 47000 | D:12     | Found a portal to a secret trove of treasure.
 47629 | D:13     | Reached skill level 15 in Fire Magic
 48320 | D:13     | Learned a level 5 spell: Freezing Cloud
 48966 | D:13     | Reached skill level 10 in Stealth
 49111 | D:14     | Noticed Urug
 49111 | D:14     | Noticed Rupert
 49111 | D:14     | Found a gate to the Vaults.
 49451 | D:14     | Found a huge runed gate.
 49451 | D:14     | Found a huge runed gate.
 49452 | D:14     | Found a huge runed gate.
 49453 | D:14     | Found a huge runed gate.
 49454 | D:14     | Found a huge runed gate.
 49455 | D:14     | Found a huge runed gate.
 49456 | D:14     | Found a huge runed gate.
 49456 | D:14     | Found a huge runed gate.
 49495 | D:14     | Killed Rupert
 51659 | D:14     | Killed Urug
 51930 | D:14     | Found a huge runed gate.
 51930 | D:14     | Found a huge runed gate.
 51930 | D:14     | Found a huge runed gate.
 51930 | D:14     | Found a huge runed gate.
 51930 | D:14     | Found a huge runed gate.
 51931 | D:14     | Found a huge runed gate.
 51932 | D:14     | Found a huge runed gate.
 51983 | D:14     | Found a huge runed gate.
 51984 | D:14     | Found a huge runed gate.
 52004 | D:14     | Found a huge runed gate.
 52005 | D:14     | Found a huge runed gate.
 52006 | D:14     | Found a huge runed gate.
 52011 | D:14     | Noticed a hellephant
 52019 | D:14     | Killed from afar by a hell hog

Illustrated notes

Levels and vault maps discovered:
D:1:      spicycebolla_green_bress_n_ham_2, layout_basic
D:2:      layout_basic, ebering_ecumenical_altar_ruins
D:3:      layout_loops_ring, uniq_jessica, uniq_natasha
D:4:      minmay_goblin_kobold_castle, layout_rooms, jmf_multi_god_temple2,
          serial_curves, eino_curves_01, eino_curves_04, eino_curves_04,
          uniq_grinder
D:5:      layout_loops_cross, cheibrodos_ashenzari_chains,
          minmay_temple_entry_mini_moons, biasface_ghost_orc_armoury,
          serial_bayou_crossing, uniq_crazy_yiuf_cottage
D:6:      layout_cave_pods, general_overflow_altar
D:7:      layout_basic, lemuel_coloured_pillars_altar, nrook_mini_vaults,
          uniq_maggie, uniq_pikel, uniq_duvessa
D:8:      layout_basic, serial_shops, shop_scrolls, minivault_21, nicolae_wwwww
D:9:      layout_roguey, overflow_temple_1_default, orc_0_dummy
D:10:     layout_irregular_city, nicolae_overflow_squiral, lair_entry_dummy,
          serial_rivers, chequers_serial_rivers_marsh,
          chequers_serial_rivers_micro_d, chequers_serial_rivers_room_b,
          chequers_serial_rivers_micro_b, uniq_snorg
D:11:     layout_basic
D:12:     layout_stronghold, nicolae_trove_entry_isolated,
          nicolae_twisting_strands, doesnt_xom_only_xom
D:13:     layout_long_grid
D:14:     layout_cave_pools, david_vaults_3, serial_bayou_pond_e, serial_shops,
          shop, not_door_vault_due
Temple:   zaba_magenta_temple
Lair:1:   layout_loops_ring, gauntlet_entry_generic, infiniplex_staircase_pool_2
Lair:2:   layout_regular_city, minmay_swamp_entry_worms, dummy_snake_entry,
          nicolae_lair_grazing_beasts [nicolae_sub_lair_graze_edge,
          nicolae_sub_lair_graze_edge, nicolae_sub_lair_graze_edge,
          nicolae_sub_lair_graze_edge], serial_bayou_shore_a
Lair:3:   layout_roguey
Lair:4:   nzn_winding_woodlands_small [nzn_winding_woodlands_5x15_longhouse,
          nzn_winding_woodlands_center_garden,
          nzn_winding_woodlands_5x15_crooked], layout_regular_city,
          ebering_ghost_rock_garden, lemuel_fruit_fields
Lair:5:   guppyfry_lair_end_dragon, layout_small_grid,
          hangedman_lair_tendril_chambers, minmay_slime_entry_pillars,
          serial_forest, infiniplex_forest_clump_large,
          infiniplex_forest_lined_room_2, infiniplex_forest_end_double,
          infiniplex_forest_end_1, infiniplex_forest_clump_small,
          infiniplex_forest_clump_curved, infiniplex_forest_clump_medium,
          infiniplex_forest_corner_1, infiniplex_forest_corner_2,
          serial_bayou_shore_b, uniq_urug
Orc:1:    layout_caves, uniq_maurice
Orc:2:    st_orc_pillars, layout_diamond_mine, nicolae_volcano_entry_batcave

Skill      XL: |  1  2  3  4  5  6  7  8  9 10 11 12 13 14 15 |
---------------+----------------------------------------------+-----
Stealth        | 3 4 5 6 7 8 9 10 | 10.3
Fire Magic     | 4 5 6 7 8 9 11 12 13 14 15 | 15.4
Dodging        | 3 4 5 6 7 8 9 |  9.3
Conjurations   | 2 3 4 6 7 8 9 11 | 11.8
Spellcasting   | 4 5 6 7 8 9 10 11 13 | 13.6
Fighting       | 1 2 3 4 5 6 |  6.5
Hexes          | 1 4 5 |  5.3
Air Magic      | 3 5 7 9 10 11 | 11.9
Armour         | 1 3 4 5 |  5.5
Shields        | 2 4 |  4.6
Evocations     | 2 4 5 6 |  6.4

Action                     |  1- 3 |  4- 6 |  7- 9 | 10-12 | 13-15 || total
---------------------------+-------+-------+-------+-------+-------++-------
  Melee: Rapier            |     1 |    10 |     5 |       |    19 ||    35
         Mace              |       |       |       |     4 |    30 ||    34
   Cast: Foxfire           |    62 |   100 |   180 |   243 |   118 ||   703
         Scorch            |    20 |    20 |    44 |   156 |    24 ||   264
         Inner Flame       |       |     5 |    13 |    18 |    10 ||    46
         Volatile Blastmot |       |     1 |     9 |     6 |       ||    16
         Blink             |       |     1 |     1 |     2 |     1 ||     5
         Flame Wave        |       |       |     6 |    47 |    24 ||    77
         Tukima's Dance    |       |       |     3 |     1 |       ||     4
         Arcjolt           |       |       |       |     4 |     2 ||     6
         Poisonous Vapours |       |       |       |     1 |    10 ||    11
         Starburst         |       |       |       |       |    81 ||    81
         Plasma Beam       |       |       |       |       |   308 ||   308
         Freezing Cloud    |       |       |       |       |    11 ||    11
 Invoke: Potion Petition   |       |       |       |     1 |     2 ||     3
  Evoke: Wand              |       |       |       |    11 |       ||    11
    Use: Scroll            |     4 |     5 |    10 |    12 |     4 ||    35
         Potion            |       |     4 |       |     3 |     2 ||     9
   Stab: Sleeping          |       |     1 |       |       |       ||     1
         Invisible         |       |       |       |       |     4 ||     4
         Distracted        |       |       |       |       |     1 ||     1
 Armour: Robe              |     1 |     2 |     5 |       |       ||     8
         Acid dragon scale |       |       |       |   116 |   126 ||   242
  Dodge: Dodged            |     4 |    20 |    30 |   108 |   154 ||   316
  Block: Buckler           |       |       |       |    50 |   107 ||   157
         Reflection        |       |       |       |       |    24 ||    24
